 Dungeon Crawl Stone Soup version 0.26-a0-712-ga5a9c9c9d0 (webtiles) character file.

Game seed: 4893845773989897089

181 jasper the Bolt Thrower (level 5, 2/29 HPs)
             Began as a Kobold Arcane Marksman on Nov 2, 2020.
             Quit the game on level 4 of the Dungeon.
             The game lasted 00:06:01 (4510 turns).

jasper the Bolt Thrower (Kobold Arcane Marksman)    Turns: 4510, Time: 00:06:02

Health: 2/29       AC:  3    Str:  5 (8)  XL:     5   Next: 92%
Magic:  6/6        EV: 14    Int: 12 (15) God:
Gold:   71         SH:  0    Dex: 14 (15) Spells: 5/6 levels left

rFire    + . .     SeeInvis .   a - +0 hand crossbow
rCold    + . .     Faith    .   (shield restricted)
rNeg     . . .     Spirit   .   b - +0 leather armour
rPois    +         Reflect  .   (no helmet)
rElec    +         Harm     .   (no cloak)
rCorr    +         Rampage  .   (no gloves)
MR       .....                  (no boots)
Stlth    ++........             (no amulet)
HPRegen  0.09/turn              (no ring)
MPRegen  0.10/turn              (no ring)

@: mighty, brilliant, lethally poisoned (2 -> -4), resistant, hasted, very quick
A: small, nightstalker 3
a: no special abilities


You were on level 4 of the Dungeon.
You visited 1 branch of the dungeon, and saw 4 of its levels.

You collected 71 gold pieces.

Inventory:

Hand Weapons
 a - a +0 hand crossbow (weapon)
 f - a +0 dagger
Missiles
 c - 18 poisoned darts
 d - 100 bolts (quivered)
 k - 94 stones
 q - 3 boomerangs
Armour
 b - a +0 leather armour (worn)
 e - a +0 robe
Jewellery
 l - an uncursed ring of ice
Wands
 s - a wand of random effects (20)
Scrolls
 h - a scroll of amnesia {unknown}
 i - 2 scrolls of teleportation {unknown}
 m - a scroll of random uselessness {unknown}
 o - a scroll of enchant armour {unknown}
 r - a scroll of identify {unknown}
Potions
 j - a potion of degeneration


   Skills:
 - Level 1.1 Fighting
 + Level 6.8 Crossbows
 - Level 2.4 Dodging
 - Level 1.1 Spellcasting
 - Level 3.0 Hexes


You had 5 spell levels left.
You knew the following spells:

 Your Spells              Type           Power        Failure   Level
a - Corona                Hex            ##.....      14%         1

Your spell library contained the following spells:

 Spells                   Type           Power        Failure   Level
 Slow                     Hex            ##......     22%         2
 Inner Flame              Hex/Fire       #.......     63%         3
 Portal Projectile        Hex/Tloc       #.....       63%         3
 Cause Fear               Hex            ##........   82%         4
 Leda's Liquefaction      Hex/Erth       #.........   95%         4


Dungeon Overview and Level Annotations

Branches:
Dungeon (4/15)
 Temple: D:4-7

Altars:
Makhleb

Annotations:
D:1 exclusion: gnoll
D:2 Natasha, Sigmund
D:4 Menkaure


Innate Abilities, Weirdness & Mutations

You are small and have problems with some larger weapons.
You are completely attuned to the shadows.


Message History

Firing (i - inventory. (/) - cycle)
d - 103 bolts (quivered)
Press: ? - help, Shift-Dir - straight line, f/p - Menkaure
Aim: Menkaure (moderately damaged)
You shoot a bolt. The bolt hits Menkaure.
Menkaure is moderately damaged.
Menkaure misses you.
Firing (i - inventory. (/) - cycle)
d - 102 bolts (quivered)
Press: ? - help, Shift-Dir - straight line, f/p - Menkaure
Aim: Menkaure (moderately damaged)
You shoot a bolt. The bolt barely misses Menkaure.
* * * LOW HITPOINT WARNING * * *
You feel sick. Menkaure closely misses you.
You take 1 damage, and have 2/29 hp.
Firing (i - inventory. (/) - cycle)
d - 101 bolts (quivered)
Press: ? - help, Shift-Dir - straight line, f/p - Menkaure
Aim: Menkaure (moderately damaged)
You shoot a bolt.
The bolt hits Menkaure but does no damage.
Menkaure is moderately damaged.
Are you sure you want to abandon this character and quit the game? (Confirm with "yes".)

#........).......
#>#.....#.......
#.#.#.###.###..###
.........)[.....
..#......###.###.#
.......... #..##)#
.......(... ##[.#.#
.......M.... ##..[#
........@.... ###.####
........(..... #.......
.............. #.......
#.....(.......#####.......
#.....#.....#............
###.#####...............#
###.#####.#.#...........#
#..................######
#..........##......#


You could see Menkaure.

Vanquished Creatures
  A crimson imp (D:3)
  A jelly (D:4)
  A worker ant (D:4)
  2 adders
  A shadow imp (D:4)
  An adder skeleton (D:4)
  3 worms
  2 leopard geckos
  7 orcs
  3 bats (D:1)
  6 hobgoblins
  2 kobolds
  5 frilled lizards
  7 goblins
  A jackal skeleton (D:4)
  A quokka skeleton (D:4)
  5 rats
49 creatures vanquished.

Notes
Turn   | Place    | Note
-------+----------+-------------------------------------------
     0 | D:1      | jasper the Kobold Arcane Marksman began the quest for the
                  | Orb.
     0 | D:1      | Reached XP level 1. HP: 12/12 MP: 2/2
   379 | D:1      | Reached skill level 3 in Crossbows
   440 | D:1      | Reached XP level 2. HP: 16/16 MP: 3/3
  1108 | D:2      | Noticed Natasha
  1415 | D:2      | Reached skill level 4 in Crossbows
  1415 | D:2      | Reached XP level 3. HP: 20/20 MP: 4/4
  1729 | D:2      | Noticed Sigmund
  2709 | D:3      | Reached XP level 4. HP: 14/25 MP: 5/5
  3010 | D:3      | Found a burning altar of Makhleb.
  3013 | D:3      | Reached skill level 5 in Crossbows
  3270 | D:3      | Reached XP level 5. HP: 29/29 MP: 6/6
  3588 | D:4      | Reached skill level 6 in Crossbows
  4502 | D:4      | Noticed Menkaure
  4510 | D:4      | Quit the game

Illustrated notes

Levels and vault maps discovered:
D:1:      dpeg_arrival_rhombus, layout_basic
D:2:      layout_loops_ring, bloody_trog, uniq_natasha, uniq_sigmund
D:3:      layout_basic, makhleb_grotto_becter, ashenzari_altar_1
D:4:      cheibrodos_barr_body, layout_rooms, nicolae_dithmenos_shadow_blocks,
          serial_shops, shop, kennysheep_generic_room_4,
          uniq_crazy_yiuf_cottage, uniq_menkaure

Skill      XL: |  1  2  3  4  5 |
---------------+----------------+-----
Crossbows      | 3 4 5 6 |  6.8
Fighting       | |  1.1
Dodging        | |  2.4
Spellcasting   | |  1.1
Hexes          | |  3.0

Action                   |  1- 3 |  4- 6 || total
-------------------------+-------+-------++-------
Melee: Dagger            |    70 |       ||    70
       Unarmed           |     3 |       ||     3
 Fire: Hand crossbow     |    13 |    88 ||   101
Throw: Dart              |    49 |       ||    49
  Use: Potion            |       |     5 ||     5
Armor: Leather armour    |    19 |     5 ||    24
Dodge: Dodged            |    68 |    29 ||    97

Table legend: (Time is in decaauts)
 A = Elapsed time spent in this place.
 B = Non-inter-level travel time spent in this place.
 C = Inter-level travel time spent in this place.
 D = Time resting spent in this place.
 E = Time spent auto-exploring this place.
 F = Levels seen in this place.
 G = Mean time per level.
                   A        B        C        D        E       F      G
               +--------+--------+--------+--------+--------+-----+--------+
         Total |   4528 |   4413 |    115 |   2243 |   1563 |   4 | 1132.0 |
       Dungeon |   4528 |   4413 |    115 |   2243 |   1563 |   4 | 1132.0 |
               +--------+--------+--------+--------+--------+-----+--------+

Top non-repeatable levels by time:
     D:1: 1324 daAuts
     D:2: 1147 daAuts
     D:4: 1132 daAuts
     D:3: 923 daAuts
